 Dungeon Crawl Stone Soup version 0.27.0-1-g7a089689b8 (webtiles) character file.

Game seed: 60550405407616789

69 freelancePsychic the Charlatan (level 4, -2/34 HPs)
             Began as a Djinni Artificer on Aug 13, 2021.
             Was an Initiate of Gozag.
             Killed from afar by an orc wizard (5 damage)
             ... with a magic dart
             ... on level 1 of the Dungeon.
             The game lasted 00:04:39 (1712 turns).

freelancePsychic the Charlatan (Djinni Artificer)   Turns: 1712, Time: 00:04:40

Health: -2/34      AC:  3    Str: 11    XL:     4   Next: 42%
Gold:   102        EV: 11    Int: 14    God:    Gozag SH:  0 Dex: 13

rFire    + + .     SeeInvis .   a - +0 dagger
rCold    x . .     Faith    .   (no shield)
rNeg     . . .     Spirit   .   b - +0 leather armour
rPois    ∞         Reflect  .   (no helmet)
rElec    .         Harm     .   (no cloak)
rCorr    .         Rampage  .   (no gloves)
Will     .....                  (boots unavailable)
Stlth    +.........             (no amulet)
HPRegen  0.11/turn              (no ring)
MPRegen  0.00/turn              (no ring)

@: flying
A: sickness immunity, fire resistance 2, cold vulnerability 1, float, innate
caster, hp casting, extra vitality 1
a: Renounce Religion, Potion Petition, Call Merchant, Bribe Branch


You were on level 1 of the Dungeon.
You worshipped Gozag.
Gozag was aware of your devotion.
You visited 1 branch of the dungeon, and saw 3 of its levels.

You collected 102 gold pieces.

Inventory:

Hand Weapons
 a - a +0 dagger (weapon)
Armour
 b - a +0 leather armour (worn)
Wands
 d - a wand of charming (9) (quivered)
Miscellaneous
 e - a piece from Xom's chessboard (15/15)


   Skills:
 + Level 2.6 Fighting
 + Level 0.6 Short Blades
 - Level 1.0 Armour
 - Level 2.1 Dodging
 - Level 0.7 Stealth
 - Level 0.4 Unarmed Combat
 + Level 1.6 Spellcasting
 - Level 3.0 Evocations


You had 5 spell levels left.
You knew the following spells:

 Your Spells              Type           Power      Damage    Failure   Level
a - Beastly Appendage     Tmut           10%        N/A       17%         1
Your spell library was empty.

Dungeon Overview and Level Annotations

Branches:
Dungeon (3/15)

Altars:
Gozag

Annotations:
D:2 Natasha, Robin


Innate Abilities, Weirdness & Mutations

You are immune to sickness and miasma.
You are immune to poison.
Your flesh is very heat resistant. (rF++)
You are vulnerable to cold. (rC-)
You float through the air rather than walking.
You learn spells naturally, not from books.
Your magical power is your life essence.
You have superior vitality. (+4 HP)


Message History

You reach down and open the door.
There is an open door here.
You reach down and close the door.
You start resting.
An orc wizard is nearby!
Aiming: Charm
Press: ? - help, Shift-Dir - straight line, f - orc wizard
Aim: an orc wizard, wielding a +0 dagger and wearing a +0 robe (chance to affect: 54%)
The orc wizard resists with significant effort.
Aiming: Charm
Press: ? - help, Shift-Dir - straight line, f/p - orc wizard
Aim: an orc wizard, wielding a +0 dagger and wearing a +0 robe (chance to affect: 54%)
The orc wizard resists with significant effort.
The orc wizard gestures at you while chanting.
You are confused.
You are too confused!
Unknown command.
You bump into the rock wall.
The orc wizard hits you with a +0 dagger.
* * * LOW HITPOINT WARNING * * *
You closely miss the orc wizard.
The orc wizard casts a spell.
The orc wizard flickers and vanishes!
Deactivating autopickup; reactivate with Ctrl-A.
You're too confused to move!
Something hits you but does no damage.
You feel less confused. Something hits you.
* * * LOW HITPOINT WARNING * * *
You hit something but do no damage. Something hits you.
* * * LOW HITPOINT WARNING * * *
You hit something but do no damage. Something hits you.
* * * LOW HITPOINT WARNING * * *
You barely miss something. Something hits you.
* * * LOW HITPOINT WARNING * * *
Something hits you.
* * * LOW HITPOINT WARNING * * *
A magic dart appears from out of thin air!
The magic dart hits you.
You die...
Your body crumbles into a pile of gold.

#........#...#
##.....##.#...###
.#..............#
.####.###.....#.# .#
#.###.....#.##### .#
#.........#.....# .#
######.....#..##.#
.###.......####..##.#####
.+.....(.....{..@.....)>#
.#.....#.#....#..########
.#.#.....#....#.(#
.#.......#....#..#
.....#.###.#.#...#
.............#..## ######
..##..#..#.#.#..####....#
.....................##.#
####..##.....#..........#


There were no monsters in sight!

Vanquished Creatures
  2 adders
  3 dart slugs
  2 orcs (D:3)
  2 endoplasms
  9 goblins
  8 hobgoblins
  2 jackals (D:3)
  A kobold (D:2)
  A quokka (D:3)
  4 ball pythons
  2 frilled lizards
  3 rats
39 creatures vanquished.

Vanquished Creatures (others)
  A hobgoblin (D:2)
1 creature vanquished.

Grand Total: 40 creatures vanquished

Notes
Turn   | Place    | Note
-------+----------+-------------------------------------------
     0 | D:1      | freelancePsychic the Djinni Artificer began the quest for
                  | the Orb.
     0 | D:1      | Reached XP level 1. HP: 17/17 MP: 0/0
    11 | D:1      | Noticed a bullfrog
    30 | D:1      | Reached XP level 2. HP: 16/22 MP: 0/0
   720 | D:2      | Noticed Robin
   724 | D:1      | Reached skill level 1 in Spellcasting
   802 | D:1      | Reached XP level 3. HP: 23/28 MP: 0/0
   802 | D:1      | Learned a level 1 spell: Beastly Appendage
  1017 | D:2      | Found a faded altar of an unknown god.
  1039 | D:2      | Became a worshipper of Gozag Ym Sagoz the Greedy
  1417 | D:2      | Noticed Natasha
  1524 | D:3      | Reached XP level 4. HP: 18/34 MP: 0/0
  1603 | D:1      | HP: 1/34 [something (1)]
  1712 | D:1      | Killed from afar by an orc wizard

Illustrated notes

Levels and vault maps discovered:
D:1:      evilmike_arrival_come_back, layout_basic, chequers_serial_rivers_marsh
D:2:      layout_rooms, hellmonk_ecumenical_altar_crossroads, st_stairs_6,
          minivault_11, grunt_ministairs_7, uniq_natasha, uniq_robin
D:3:      lemuel_castle_with_subvaults [lemuel_castle_interior_carwin_2],
          layout_rooms, xom_teletrap_fun, st_stairs_14

Skill      XL: |  1  2 |
---------------+-------+-----
Spellcasting   | 1 |  1.6
Fighting       | 2 |  2.6
Short Blades   | |  0.6
Armour         | |  1.0
Dodging        | |  2.1
Stealth        | |  0.7
Unarmed Combat | |  0.4
Evocations     | |  3.0

Action                   |  1- 3 |  4- 6 || total
-------------------------+-------+-------++-------
Melee: Club              |    45 |       ||    45
       Unarmed           |    30 |       ||    30
       Dagger            |    25 |    52 ||    77
       Headbutt          |     5 |     5 ||    10
 Cast: Beastly Appendage |     8 |     4 ||    12
Evoke: Wand              |    17 |     4 ||    21
  Use: Potion            |     2 |     4 ||     6
       Scroll            |       |     1 ||     1
Armor: Leather armour    |    32 |    14 ||    46
       Skin              |     3 |       ||     3
Dodge: Dodged            |    53 |    27 ||    80
